Map: Incorporeal LE

Players

Schefferite - Winner!

  • Race: Zerg Zerg
  • League: Platinum
  • Spawn Location: 11:00

ManlyManMeat

  • Race: Terran Terran
  • League: Master
  • Spawn Location: 5:00

VOD

Have the link to the VOD?

Description

Time

  • Played on: May 18, 2025, 2:43 a.m.
  • Length: 4:54
Show
View Real Time Build Order
Export as new Build Order

Schefferite Zerg - Winner!

Build Orders: Pool First 

Get SALT Encoding   

  12  0:00  Drone  
  13  0:08  Drone  
  14  0:15  Extractor  
  14  0:16  Drone  
  15  0:27  Overlord  
  15  0:41  Spawning Pool  
  14  1:06  Hatchery  
  14  1:09  Drone x2  
  15  1:11  Drone  
  16  1:21  Drone  
  17  1:28  Extractor  
  16  1:35  Drone  
  17  1:41  Roach Warren  
  17  1:42  Drone  
  17  1:53  Drone  
  18  1:58  Extractor  
  17  2:05  Drone  
  18  2:14  Drone  
  19  2:25  Drone  
  19  2:28  Roach  
  24  2:30  Roach  
  24  2:36  Overlord  
  24  2:40  Roach  
  26  2:51  Roach  
  28  2:56  Overlord  
  28  3:00  Roach  
  28  3:01  Ravager  
  28  3:03  Ravager  
  28  3:05  Roach  
  34  3:12  Roach  
  36  3:15  Roach  
  38  3:22  Roach  
  38  3:23  Roach  
  42  3:38  Roach  
  41  4:06  Roach x3  
  42  4:25  Roach  
Show
View Real Time Build Order
Export as new Build Order

ManlyManMeat Terran 

Build Orders:  

Get SALT Encoding   

  12  0:00  SCV  
  13  0:12  SCV  
  14  0:18  Supply Depot  
  14  0:24  SCV  
  15  0:40  SCV  
  15  0:42  Barracks  
  16  0:47  Refinery  
  16  0:52  SCV  
  17  1:04  SCV  
  18  1:16  SCV  
  19  1:34  Command Center  
  19  1:36  Orbital Command  
  19  1:40  Barracks Reactor  
  19  1:55  Supply Depot  
  19  2:07  SCV  
  20  2:18  Marine x2  
  20  2:19  SCV  
  20  2:20  Refinery  
  23  2:22  Factory  
  23  2:31  SCV  
  24  2:37  Marine x2  
  26  2:48  Supply Depot x2, Orbital Command  
  26  2:57  Marine x2  
  28  3:07  Factory Tech Lab  
  28  3:10  Starport  
  28  3:14  Bunker  
  28  3:20  Marine x2  
  28  3:25  SCV  
  28  3:26  SCV  
  31  3:41  Siege Tank  
  31  3:45  Marine x2  
  34  3:49  Barracks  
  29  4:03  Marine x2  
  27  4:20  Marine  
  27  4:21  Marine  
  16  4:36  SCV  
Tags
 
Add a new tag
Caveats
  • Supply blocks, unpowered buildings, or Contaminate may cause inaccurate times.
  • Supply counts are checked every 10 seconds.